 Dungeon Crawl Stone Soup version 0.29.1-2-gbd0b4ee654 (webtiles) character file.

Game seed: 16509736774380022306

23 xian the Trooper (level 2, 0/24 HPs)
             Began as a Demonspawn Abyssal Knight on Nov 18, 2022.
             Was a Believer of Lugonu.
             Slain by an orc priest
             ... wielding a +0 club
              (2 damage)
             ... on level 4 of the Dungeon.
             The game lasted 00:03:28 (1146 turns).

xian the Trooper (Demonspawn Abyssal Knight)        Turns: 1146, Time: 00:03:29

Health: 0/24       AC:  3    Str: 13    XL:     2   Next: 72%
Magic:  3/3        EV: 11    Int: 11    God:    Lugonu [**....]
Gold:   14         SH:  3    Dex: 13    Spells: 1/1 levels left

rFire   . . .      SeeInvis .   a - +1 short sword
rCold   . . .      Faith    .   h - +0 buckler
rNeg    . . .      Spirit   .   b - +0 leather armour
rPois   .          Reflect  .   (no helmet)
rElec   .          Harm     .   (no cloak)
rCorr   .          Rampage  .   (no gloves)
Will    .....                   (no boots)
Stlth   +.........              (no amulet)
HPRegen 0.08/turn               (no ring)
MPRegen 0.08/turn               (no ring)

@: no status effects
A: weakness stinger 1
a: Renounce Religion, Depart the Abyss, Bend Space


You were on level 4 of the Dungeon.
You worshipped Lugonu.
Lugonu was pleased with you.
You visited 1 branch of the dungeon, and saw 3 of its levels.
You visited the Abyss 1 time.

You collected 14 gold pieces.

Inventory:

Hand Weapons
 a - a +1 short sword (weapon)
Missiles
 d - 6 atropa-tipped darts (quivered)
 j - 5 silver boomerangs
Armour
 b - a +0 leather armour (worn)
 h - a +0 buckler (worn)
Scrolls
 c - a scroll of identify {unknown}
 f - a scroll of torment {unknown}
Potions
 g - a potion of brilliance
 i - a potion of invisibility {unknown}


   Skills:
 + Level 3.6 Fighting
 + Level 2.1 Short Blades
 + Level 2.0 Armour
 + Level 1.0 Dodging
 + Level 2.4 Invocations


You had one spell level left.
You didn't know any spells.
Your spell library was empty.

Dungeon Overview and Level Annotations

Branches:
Dungeon (2/15)

Altars:


Innate Abilities, Weirdness & Mutations

You have a small tail.


Message History

You hit the orc wizard.
The orc wizard is moderately wounded.
The orc wizard hits you with a +0 dagger.
You barely miss the orc wizard. You tail-slap the orc wizard.
The orc wizard is moderately wounded.
The orc wizard casts a spell at you. The puff of flame misses you.
You hit the orc wizard.
Your tail-slap misses the orc wizard.
The orc wizard is heavily wounded.
The orc priest calls upon Beogh to heal the orc wizard.
The orc wizard is healed somewhat.
The orc wizard hits you with a +0 dagger.
You closely miss the orc wizard.
The orc wizard is lightly wounded.
The orc wizard hits you but does no damage.
You barely miss the orc wizard.
The orc wizard is lightly wounded.
The orc wizard hits you but does no damage.
You hit the orc wizard but do no damage.
The orc wizard is lightly wounded.
The orc wizard barely misses you.
An orc comes into view. It is wielding a +0 mace.
You miss the orc wizard.
The orc wizard is lightly wounded.
The orc priest hits you with a +0 club. The orc wizard casts a spell at you.
The puff of flame hits you!
* * * LOW HITPOINT WARNING * * *
It was a potion of brilliance.
You feel clever all of a sudden.
The orc priest casts a cantrip, but nothing happens.
The orc wizard mumbles some strange words.
The orc wizard flickers and vanishes!
Deactivating autopickup; reactivate with Ctrl-A.
It was a potion of cancellation.
Your magical effects are unravelling.
You feel magically purged.
You feel a little less clever now. The orc priest hits you with a +0 club.
You die...

#.8#8.# #.....#
####.## #.# #.#
#.####.#####
#..........######
#.####....{.....#
#####@####.# #o#
.o. .###. .$ $#
## #


You could see an orc priest and an orc.

Vanquished Creatures
  A dart slug (D:1)
  An orc (D:4)
  2 ball pythons (D:1)
  3 bats (D:1)
  A giant cockroach (D:1)
  A goblin (D:1)
  3 hobgoblins (D:1)
  A quokka (D:1)
  2 frilled lizards (D:1)
  3 rats (D:1)
18 creatures vanquished.

Vanquished Creatures (others)
  4 plants (D:1)
4 creatures vanquished.

Grand Total: 22 creatures vanquished

Notes
Turn   | Place    | Note
-------+----------+-------------------------------------------
     0 | Abyss:1  | xian the Demonspawn Abyssal Knight began the quest for the
                  | Orb.
     0 | Abyss:1  | Reached XP level 1. HP: 18/18 MP: 2/2
    21 | Abyss:2  | Noticed a small abomination
    34 | Abyss:2  | Noticed a purple very ugly thing
    34 | Abyss:2  | Noticed a purple very ugly thing
    36 | Abyss:2  | Noticed a purple very ugly thing
    36 | Abyss:2  | Noticed a purple ugly thing
    37 | D:1      | Escaped the Abyss
   102 | D:1      | Reached ** piety under Lugonu
   309 | D:1      | Discovered your monstrous ancestry.
   309 | D:1      | Gained mutation: You have a small tail. [demonic ancestry]
   309 | D:1      | Reached XP level 2. HP: 15/24 MP: 3/3
   627 | D:1      | Found a faded altar of an unknown god.
  1098 | D:2      | You fall into a shaft and drop 2 floors!
  1110 | D:4      | Reached skill level 1 in Dodging
  1146 | D:4      | Slain by an orc priest

Illustrated notes

Levels and vault maps discovered:
D:1:      evilmike_arrival_plus, layout_basic, dreamdust_ecumenical_altar_grove,
          serial_bayou_lake_a
D:2:      layout_loops_cross
D:4:      layout_loops_ring, gup_ossuary_entry_pyramid, minmay_statues_item,
          uniq_eustachio

Skill      XL: |  1  2 |
---------------+-------+-----
Short Blades   | 2 |  2.1
Armour         | 2 |  2.0
Dodging        | 1 |  1.0
Fighting       | |  3.6
Invocations    | |  2.4

Action                   || total
-------------------------++-------
Melee: Short sword       ||    71
       Tailslap          ||     3
Invok: Depart the Abyss  ||     1
  Use: Potion            ||     2
Armor: Leather armour    ||    21
Dodge: Dodged            ||    55
